 Dungeon Crawl Stone Soup version 0.30-a0-141-g30f27751c5 (webtiles) character file.

Game seed: 6920310628904194261

158092 qw the Severer (level 17, -26/108 HPs)
             Began as a Gargoyle Fighter on Sept 25, 2022.
             Was a High Priest of Okawaru.
             Annihilated by a radroach (36 damage)
             ... on level 4 of the Spider Nest.
             The game lasted 00:14:14 (33261 turns).

qw the Severer (Gargoyle Fighter)                  Turns: 33261, Time: 00:14:15

Health: -26/108    AC: 42    Str: 33    XL:     17   Next: 71%
Magic:  22/24      EV: 17    Int: 10    God:    Okawaru [*****.]
Gold:   1458       SH: 26    Dex:  9    Spells: 16/16 levels left

rFire   + . .      SeeInvis +    C - +6 broad axe (vamp)
rCold   . . .      Faith    .    k - +0 tower shield
rNeg    + . .      Spirit   .    n - +6 scale mail of Enuo {rCorr Str+3 SInv}
rPois   inf        Reflect  +    v - +2 helmet
rElec   +          Harm     .    y - +2 cloak
rCorr   +          Rampage  .    a - +1 pair of gloves of the Big Bang {Str+3}
Will    +....                    G - +2 pair of boots
Stlth   +.........               q - amulet of reflection
HPRegen 0.28/turn                c - +4 ring of evasion
MPRegen 0.19/turn                x - ring of protection from fire

@: about to teleport, heroic, flying, contaminated, glowing
A: sickness immunity, AC +12, big wings, negative energy resistance 1,
electricity resistance, torment resistance 1, petrification resistance,
devolution 1
a: Renounce Religion, Heroism, Finesse, Duel


You were on level 4 of the Spider Nest.
You worshipped Okawaru.
Okawaru was extremely pleased with you.
You visited 6 branches of the dungeon, and saw 30 of its levels.

You collected 2924 gold pieces.
You spent 1466 gold pieces at shops.


Innate Abilities, Weirdness & Mutations

You are immune to sickness and miasma.
Your stone body is resilient. (AC +12)
You are immune to poison.
Your large and strong wings let you fly.
You resist negative energy. (rN+)
You are resistant to electric shocks. (rElec)
You are resistant to unholy torment.
You are immune to petrification.
You have hidden genetic defects.


   Skills:
 - Level 13.0(18.0) Fighting
 - Level 18.0(23.0) Axes
 - Level 7.0(12.0) Throwing
 - Level 10.0(15.0) Armour
 - Level 5.0(10.0) Dodging
 + Level 17.7(22.7) Shields
 - Level 10.0 Invocations


You had 16 spell levels left.
You didn't know any spells.
Your spell library was empty.

Inventory:

Hand Weapons
 r - the +7 war axe "Togis" {flame, Contam Int+4}
   (You acquired it on level 1 of the Swamp)

   It burns those it strikes, dealing additional fire damage.
   Big, fiery blades are also staple armaments of hydra-hunters.
   Int:       It affects your intelligence (+4).
   Contam:    It causes magical contamination when unequipped.
 C - a +6 vampiric broad axe (weapon)
Missiles
 g - 19 boomerangs (quivered)
 m - 3 javelins
 t - 2 silver javelins
Armour
 a - the +1 pair of gloves of the Big Bang (worn) {Str+3}
   (Okawaru gifted it to you on level 15 of the Dungeon)

   Str:       It affects your strength (+3).
 k - a +0 tower shield (worn)
 n - the +6 scale mail of Enuo (worn) {rCorr Str+3 SInv}
   (You found it on level 3 of the Lair of Beasts)

   Str:       It affects your strength (+3).
   SInv:      It lets you see invisible.
   rCorr:     It protects you from acid and corrosion.
 s - a +0 chain mail of fire resistance
 v - a +2 helmet (worn)
 y - a +2 cloak (worn)
 E - a +2 helmet of see invisible
 F - a +2 plate armour of cold resistance
 G - a +2 pair of boots (worn)
Jewellery
 c - a +4 ring of evasion (left hand)
 q - an amulet of reflection (around neck)
 w - a ring of resist corrosion
 x - a ring of protection from fire (right hand)
 A - a ring of positive energy
Scrolls
 h - 10 scrolls of identify
 i - a scroll of enchant armour
 u - 4 scrolls of brand weapon
Potions
 b - 3 potions of lignification
 d - 5 potions of might
 e - 9 potions of mutation
 j - 3 potions of resistance
 l - 2 potions of attraction
 o - 8 potions of curing
 p - 6 potions of haste
 z - a potion of heal wounds

Dungeon Overview and Level Annotations

Branches:
Dungeon (15/15)            Temple (1/1) D:4            Lair (5/5) D:9
  Swamp (3/4) Lair:3       Spider (4/4) Lair:2        Slime (0/5) Lair:4
    Orc (2/2) D:11            Elf (0/3) Orc:2        Vaults (0/5) D:14
 Depths (0/4) D:15

Altars:
Ashenzari
Cheibriados
Dithmenos
Elyvilon
Fedhas
Gozag
Hepliaklqana
Kikubaaqudgha
Makhleb
Nemelex Xobeh
Okawaru
Qazlal
Ru
Sif Muna
Trog
Uskayaw
Vehumet
Wu Jian
Xom
Yredelemnul
Zin
The Shining One

Shops:
D:11 (   Orc:2 :[[[

Portals:
Trove: D:10 (show slimy rune of Zot)

Annotations:
D:14 1 runed translucent door
Lair:2 2 transporters, qw's ghost, journeyman GrFi
Lair:4 1 runed translucent door, Fifowuza's ghost, journeyman DrTm
Swamp:1 3 runed translucent doors, Amet's ghost, journeyman MiBe; Buem's ghost, adept OgHs; Foxy's ghost, adept GrFi; Silenth's ghost, adept KoHu
Swamp:2 3 runed translucent doors, Piask's ghost, adept FoAK; Vudadgh's ghost, adept HuWr; popps's ghost, adept MiBe
Swamp:3 2 transporters


Message History

You slice the radroach!! The radroach completely misses you.
You block the radroach's attack.
You slash the radroach!
The radroach is heavily wounded.
You hit the radroach.
The radroach is heavily wounded.
You block the radroach's attack. x2
You slice the radroach!!
The radroach is severely wounded.
The radroach erupts in a fountain of uncontrolled magic!
You are blasted with magical radiation!!
You are very lightly contaminated with residual magic.
You hit the radroach but do no damage.
The radroach is severely wounded.
You block the radroach's attack. The radroach claws you!
You hit the radroach but do no damage.
The radroach is severely wounded.
You slice the radroach!!
The radroach is almost dead.
You block the radroach's attack. x2
You hit the radroach but do no damage.
The radroach is almost dead.
The radroach erupts in a fountain of uncontrolled magic!
You are blasted with magical radiation.
You are contaminated with residual magic.
You hit the radroach.
You feel better.
The radroach is almost dead.
You feel like a meek peon again.
The radroach erupts in a fountain of uncontrolled magic!
You are blasted with magical radiation!!
33260 ||| INVOKING Heroism.
You gain the combat prowess of a mighty hero.
The radroach erupts in a fountain of uncontrolled magic!
You are blasted with magical radiation!!
33261 ||| READING scroll of teleportation.
As you read the scroll of teleportation, it crumbles to dust.
You feel strangely unstable.
The radroach erupts in a fountain of uncontrolled magic!
You are blasted with magical radiation!!!
You die...

#........#..
#........... .
###..#....^. #^
#......... ##.
#.....^<.. #...
##^....... ..... ###
##........ ......#.###
#....%.... ......B@..###
##..%...^.
#.....%#....###.........
##...####...^#.....#%...
### #....##^..##...^
####....###...#. ##..##
#..... #### #.....
###.#. ####


You could see a radroach.

Vanquished Creatures
  Rupert (Lair:4)
  Kirke (Lair:4)
  Donald (Spider:4)
  A frost giant (D:15)
  Louise (Spider:1)
  Aizul (Spider:1)
  3 broodmothers
  Nessos (D:14)
  4 eleionomae (Swamp:2)
  4 bunyips
  A dire elephant (Lair:5)
  A spark wasp (Spider:1)
  3 entropy weavers
  2 shambling mangroves (Swamp:3)
  9 hydras
  Erolcha (Orc:2)
  A radroach (Spider:1)
  3 ogre magi (D:12)
  5 centaur warriors
  A ghost crab (Swamp:1)
  2 two-headed ogres
  2 dancing weapons (D:14)
  5 boulder beetles
  5 alligators
  A catoblepas (Lair:5)
  A death knight (D:14)
  3 death yaks (Lair:5)
  5 tengu warriors
  4 orc high priests (Orc:2)
  Urug (Orc:2)
  Sonja (Lair:4)
  4 spriggans (Swamp:2)
  6 skeletal warriors
  3 goliath frogs
  A sun moth (Spider:2)
  2 spriggan druids (Swamp:2)
  7 pharaoh ants
  4 steelbarb worms
  4 orb spiders
  2 bog bodies
  2 swamp dragons
  A wizard (D:14)
  2 lindwurms (Lair:5)
  7 orc knights
  6 deep elf pyromancers
  14 wolf spiders
  A deep elf zephyrmancer (D:12)
  A moth of wrath (Spider:4)
  3 manticores
  7 orc sorcerers
  6 will-o-the-wisps
  14 ugly things (D:14)
  A cyclops (D:14)
  5 elephants (Lair:5)
  Maurice (Orc:2)
  A naga mage (D:12)
  An ice statue (Spider:3)
  2 black mambas
  7 torpor snails
  2 gargoyles
  4 demonic crawlers
  A kobold demonologist (D:10)
  4 rime drakes
  5 cane toads
  2 unseen horrors (D:13)
  7 komodo dragons
  2 tengu conjurers
  2 freezing wraiths (D:14)
  6 trolls
  3 polar bears
  7 meliai
  9 hornets
  Grinder (D:6)
  3 tyrant leeches
  9 slime creatures
  29 tarantellas
  7 blink frogs
  7 dream sheep
  Sigmund (D:3)
  22 jumping spiders
  A centaur simulacrum (D:15)
  13 culicivoras
  2 shadows
  3 wyverns
  A water elemental (D:15)
  2 wraiths (D:12)
  66 yaks
  3 hogs (Lair:4)
  6 basilisks
  43 redbacks
  19 vampire mosquitoes
  8 swamp worms
  A warg (Orc:1)
  2 acid dragons
  9 water moccasins
  Duvessa (D:5)
  A swamp drake (Swamp:3)
  An ice beast (D:7)
  2 sky beasts
  6 black bears
  13 ogres
  31 orc warriors
  A black bear (shapeshifter) (D:12)
  7 centaurs
  18 wolves
  3 kobold brigands
  3 gnoll sergeants
  13 bullfrogs
  A necrophage (D:7)
  7 wights
  Dowan (D:5)
  7 killer bees
  6 howler monkeys
  5 electric eels
  A jelly (D:5)
  2 hounds
  8 gnoll boudas
  22 orc priests
  Jessica (D:2)
  7 iguanas
  26 orc wizards
  37 gnolls
  2 adders
  A shadow imp (D:7)
  2 white imps
  2 ufetubi
  5 dart slugs
  72 orcs
  9 endoplasms
  2 giant cockroaches
  2 hobgoblins (D:2)
  7 jackals
  18 kobolds
  A quokka (D:1)
  4 ball pythons
  2 bats
  6 goblins
  6 rats
874 creatures vanquished.

Vanquished Creatures (others)
  A hydra (Swamp:1)
  A swamp dragon (Swamp:1)
  A wizard (D:13)
  An orb spider (Spider:2)
  A will-o-the-wisp (Swamp:1)
  A bloated husk (Swamp:2)
  2 hornets (Swamp:1)
  3 tyrant leeches (Swamp:1)
  3 spriggans (Swamp:1)
  3 swamp worms (Swamp:1)
  A kobold brigand (D:8)
  A bush (Lair:5)
  43 foxfires
  21 fungi
  37 plants
  6 withered plants
126 creatures vanquished.

Grand Total: 1000 creatures vanquished

Notes
Turn   | Place    | Note
-------+----------+-------------------------------------------
     0 | D:1      | qw the Gargoyle Fighter began the quest for the Orb.
     0 | D:1      | Reached XP level 1. HP: 14/14 MP: 1/1
     0 | D:1      | 0 ||| qw: Version: 0.2-a-10-g399e6c4
     0 | D:1      | 0 ||| qw: Game counter: 274
     0 | D:1      | 0 ||| qw: Always use a shield: true
     0 | D:1      | 0 ||| qw: God list: Okawaru
     0 | D:1      | 0 ||| qw: Allow faded altars: false
     0 | D:1      | 0 ||| qw: Do Orc after D:15 true
     0 | D:1      | 0 ||| qw: Do second Lair branch before Depths: true
     0 | D:1      | 0 ||| qw: Lair rune preference: random
     0 | D:1      | 0 ||| qw: Plans: Normal, Zot:1-4, God:TSO, Crypt, Tomb,
                  | Pan, Slime:5, Hells, Abyss, Orb
     0 | D:1      | 0 ||| PLANNING D:1-11
   114 | D:1      | Reached skill level 2 in Axes
   179 | D:1      | Reached XP level 2. HP: 19/19 MP: 2/2
  1041 | D:1      | Reached skill level 3 in Axes
  1073 | D:1      | 1073 ||| READING scroll labelled FIOWOI ARESS.
  1074 | D:1      | 1074 ||| READING 3 scrolls labelled ONUKHLO CELATH.
  1075 | D:1      | 1075 ||| READING scroll labelled CUOWEO CAIR.
  1076 | D:1      | 1076 ||| READING scroll labelled WYNLASMYRAIPP.
  1077 | D:1      | 1077 ||| DRINKING 2 smoky green potions.
  1078 | D:1      | 1078 ||| READING 2 scrolls of identify.
  1078 | D:1      | 1078 ||| IDENTIFYING bubbling ruby potion
  1079 | D:1      | 1079 ||| DROPPING potion of brilliance.
  1137 | D:2      | 1137 ||| Stepping ~*~*~tactically~*~*~ (hiding).
  1146 | D:2      | Reached XP level 3. HP: 23/23 MP: 3/3
  1151 | D:2      | 1151 ||| FLEEEEING.
  1152 | D:2      | 1152 ||| FLEEEEING.
  1153 | D:2      | 1153 ||| FLEEEEING.
  1154 | D:2      | 1154 ||| FLEEEEING.
  1155 | D:2      | 1155 ||| FLEEEEING.
  1156 | D:2      | 1156 ||| FLEEEEING.
  1157 | D:2      | 1157 ||| STAIRDANCE
  1199 | D:1      | 1199 ||| DROPPING scarf of invisibility.
  1206 | D:2      | 1206 ||| Stepping ~*~*~tactically~*~*~ (stealth).
  1253 | D:2      | 1253 ||| DROPPING +0 club.
  1301 | D:2      | 1301 ||| Stepping ~*~*~tactically~*~*~ (stealth).
  1323 | D:2      | Noticed Jessica
  1324 | D:2      | 1324 ||| Stepping ~*~*~tactically~*~*~ (hiding).
  1331 | D:2      | Killed Jessica
  1332 | D:2      | Reached XP level 4. HP: 28/28 MP: 4/4
  1352 | D:2      | Reached skill level 4 in Axes
  1520 | D:2      | 1520 ||| DROPPING +0 whip.
  1813 | D:2      | Found a faded altar of an unknown god.
  2138 | D:2      | 2138 ||| UPGRADING to +1 cloak.
  2143 | D:2      | 2143 ||| READING scroll labelled DOCIOSTR USEQU.
  2144 | D:2      | 2144 ||| READING 3 scrolls of identify.
  2144 | D:2      | 2144 ||| IDENTIFYING dark potion
  2145 | D:2      | 2145 ||| READING 2 scrolls of identify.
  2145 | D:2      | 2145 ||| IDENTIFYING fuming white potion
  2191 | D:3      | 2191 ||| Stepping ~*~*~tactically~*~*~ (stealth).
  2193 | D:3      | 2193 ||| Stepping ~*~*~tactically~*~*~ (stealth).
  2460 | D:3      | Reached XP level 5. HP: 14/32 MP: 5/5
  2641 | D:3      | 2641 ||| DROPPING +1 whip of venom.
  2748 | D:3      | Noticed Sigmund
  2755 | D:3      | 2755 ||| DRINKING 2 potions of curing.
  2755 | D:3      | 2755 ||| (to cure confusion)
  2766 | D:3      | 2766 ||| DRINKING potion of curing.
  2766 | D:3      | 2766 ||| (to cure confusion)
  2769 | D:3      | Killed Sigmund
  2770 | D:3      | Reached skill level 6 in Axes
  2770 | D:3      | Reached XP level 6. HP: 25/37 MP: 6/6
  3181 | D:3      | 3181 ||| UPGRADING to +0 chain mail.
  3191 | D:3      | 3191 ||| DROPPING +0 scale mail.
  3192 | D:3      | 3192 ||| UPGRADING to +0 pair of gloves.
  3197 | D:3      | 3197 ||| UPGRADING to +0 kite shield.
  3207 | D:3      | 3207 ||| DROPPING +0 buckler.
  3273 | D:4      | Noticed a water moccasin
  3281 | D:4      | Killed a water moccasin
  3282 | D:4      | Reached XP level 7. HP: 41/41 MP: 7/7
  3390 | D:4      | 3390 ||| Stepping ~*~*~tactically~*~*~ (hiding).
  3391 | D:4      | 3391 ||| Stepping ~*~*~tactically~*~*~ (hiding).
  3392 | D:4      | 3392 ||| Stepping ~*~*~tactically~*~*~ (hiding).
  3539 | D:4      | 3539 ||| Stepping ~*~*~tactically~*~*~ (stealth).
  3540 | D:4      | 3540 ||| Stepping ~*~*~tactically~*~*~ (stealth).
  3564 | D:4      | 3564 ||| Stepping ~*~*~tactically~*~*~ (stealth).
  3565 | D:4      | 3565 ||| Stepping ~*~*~tactically~*~*~ (stealth).
  3568 | D:4      | 3568 ||| Stepping ~*~*~tactically~*~*~ (stealth).
  3569 | D:4      | 3569 ||| Stepping ~*~*~tactically~*~*~ (stealth).
  3661 | D:4      | Found a staircase to the Ecumenical Temple.
  3664 | D:4      | 3664 ||| PLANNING TEMPLE
  3664 | D:4      | 3664 ||| FLEEEEING.
  3665 | D:4      | 3665 ||| FLEEEEING.
  3666 | D:4      | 3666 ||| FLEEEEING.
  3667 | D:4      | 3667 ||| FLEEEEING.
  3672 | D:4      | 3672 ||| FLEEEEING.
  3673 | D:4      | 3673 ||| FLEEEEING.
  3675 | D:4      | 3675 ||| FLEEEEING.
  3676 | D:4      | 3676 ||| FLEEEEING.
  3677 | D:4      | 3677 ||| STAIRDANCE
  3679 | D:3      | 3679 ||| READING scroll labelled WUNOCI JIMO.
  3680 | D:3      | 3680 ||| DRINKING 2 fuming orange potions.
  3681 | D:3      | 3681 ||| READING 2 scrolls of identify.
  3681 | D:3      | 3681 ||| IDENTIFYING orange potion
  3685 | D:4      | 3685 ||| STAIRDANCE
  3708 | Temple   | Entered the Ecumenical Temple
  3866 | Temple   | 3866 ||| PLANNING OKAWARU WORSHIP
  3895 | Temple   | Became a worshipper of Warmaster Okawaru
  3896 | Temple   | 3896 ||| PLANNING D:1-11
  3928 | D:4      | HP: 8/41 [orc priest/divine providence (15)]
  3928 | D:4      | HP: 1/41 [iguana (7)]
  3929 | D:4      | 3929 ||| DRINKING 2 potions of heal wounds.
  3934 | D:4      | HP: 4/41 [orc priest/divine providence (10)]
  3935 | D:4      | 3935 ||| DRINKING potion of heal wounds.
  3950 | D:4      | HP: 6/43 [orc priest/divine providence (13)]
  4008 | D:4      | 4008 ||| FLEEEEING.
  4010 | D:4      | HP: 8/43 [frozen (5)]
  4012 | D:4      | Found a broken altar of Ashenzari.
  4293 | D:4      | Found a radiant altar of Vehumet.
  4294 | D:4      | Found a stormy altar of Qazlal.
  4462 | D:5      | Entered Level 5 of the Dungeon
  4508 | D:5      | Reached skill level 6 in Shields
  4562 | D:5      | Reached skill level 1 in Dodging
  4897 | D:5      | Reached XP level 8. HP: 44/48 MP: 8/8
  5057 | D:5      | Noticed Duvessa
  5057 | D:5      | Noticed Dowan
  5073 | D:5      | Killed Duvessa
  5073 | D:5      | Reached * piety under Okawaru
  5073 | D:5      | Killed Dowan
  5074 | D:5      | Reached skill level 7 in Axes
  5322 | D:5      | 5322 ||| Stepping ~*~*~tactically~*~*~ (hiding).
  5330 | D:5      | 5330 ||| INVOKING Heroism.
  5338 | D:5      | Reached skill level 1 in Invocations
  5429 | D:5      | 5429 ||| UPGRADING to amulet of reflection.
  5434 | D:5      | 5434 ||| READING 2 scrolls labelled VUFOUD DEFFEO.
  5438 | D:5      | 5438 ||| READING scroll labelled OHOXZYA XIRIFILI.
  5439 | D:5      | 5439 ||| DRINKING 3 bubbling grey potions.
  5440 | D:5      | 5440 ||| DROPPING 2 potions of flight.
  5468 | D:5      | 5468 ||| STAIRDANCE
  5472 | D:5      | 5472 ||| STAIRDANCE
  5476 | D:5      | 5476 ||| STAIRDANCE
  5480 | D:5      | 5480 ||| STAIRDANCE
  5484 | D:5      | 5484 ||| STAIRDANCE
  5488 | D:5      | 5488 ||| STAIRDANCE
  5492 | D:5      | 5492 ||| STAIRDANCE
  5496 | D:5      | 5496 ||| STAIRDANCE
  5500 | D:5      | 5500 ||| STAIRDANCE
  5504 | D:5      | 5504 ||| STAIRDANCE
  5508 | D:5      | 5508 ||| STAIRDANCE
  5512 | D:5      | 5512 ||| STAIRDANCE
  5516 | D:5      | 5516 ||| STAIRDANCE
  5520 | D:5      | 5520 ||| STAIRDANCE
  5524 | D:5      | 5524 ||| STAIRDANCE
  5528 | D:5      | 5528 ||| STAIRDANCE
  5532 | D:5      | 5532 ||| STAIRDANCE
  5536 | D:5      | 5536 ||| STAIRDANCE
  5540 | D:5      | 5540 ||| STAIRDANCE
  5544 | D:5      | 5544 ||| STAIRDANCE
  5613 | D:6      | 5613 ||| PLANNING SEWER
  5613 | D:6      | 5613 ||| INVOKING Heroism.
  5617 | D:6      | 5617 ||| STAIRDANCE
  5624 | D:5      | 5624 ||| INVOKING Heroism.
  5659 | D:6      | 5659 ||| INVOKING Heroism.
  5876 | D:6      | Reached skill level 3 in Invocations
  5909 | D:6      | Noticed Grinder
  5910 | D:6      | 5910 ||| INVOKING Heroism.
  5912 | D:6      | Paralysed by Grinder for 4 turns
  5918 | D:6      | Paralysed by Grinder for 4 turns
  5932 | D:6      | 5932 ||| INVOKING Heroism.
  5938 | D:6      | Killed Grinder
  6143 | D:6      | Reached skill level 1 in Throwing
  6143 | D:6      | Reached XP level 9. HP: 45/54 MP: 12/12
  6143 | D:6      | 6143 ||| INVOKING Heroism.
  6216 | D:6      | 6216 ||| RIP SEWER
  6228 | D:6      | 6228 ||| PLANNING D:1-11
  6293 | D:6      | 6293 ||| Stepping ~*~*~tactically~*~*~ (stealth).
  6538 | D:6      | 6538 ||| DRINKING 2 lumpy black potions.
  6539 | D:6      | 6539 ||| READING 4 scrolls of identify.
  6539 | D:6      | 6539 ||| IDENTIFYING fuming pink potion
  6540 | D:6      | 6540 ||| DROPPING potion of berserk rage.
  6586 | D:7      | Found a shimmering blue altar of Sif Muna.
  6589 | D:7      | Found a glowing golden altar of the Shining One.
  6595 | D:7      | Found a white marble altar of Elyvilon.
  6599 | D:7      | Found a sacrificial altar of Ru.
  6601 | D:7      | Found a burning altar of Makhleb.
  6607 | D:7      | Found a glowing silver altar of Zin.
  6649 | D:7      | 6649 ||| DROPPING +0 flail.
  6691 | D:7      | 6691 ||| INVOKING Heroism.
  6699 | D:7      | Reached skill level 8 in Axes
  6767 | D:7      | 6767 ||| INVOKING Heroism.
  6776 | D:7      | 6776 ||| DRINKING 2 potions of curing.
  6776 | D:7      | 6776 ||| (to cure confusion)
  6854 | D:7      | 6854 ||| Stepping ~*~*~tactically~*~*~ (hiding).
  6861 | D:7      | Reached ** piety under Okawaru
  6998 | D:7      | 6998 ||| Stepping ~*~*~tactically~*~*~ (stealth).
  7001 | D:7      | 7001 ||| Stepping ~*~*~tactically~*~*~ (stealth).
  7012 | D:7      | Reached skill level 6 in Fighting
  7077 | D:7      | 7077 ||| INVOKING Heroism.
  7223 | D:7      | 7223 ||| INVOKING Heroism.
  7426 | D:7      | 7426 ||| READING scroll labelled TOLIPRORPHU.
  7516 | D:8      | Reached XP level 10. HP: 57/61 MP: 13/13
  7608 | D:8      | 7608 ||| Stepping ~*~*~tactically~*~*~ (stealth).
  7615 | D:8      | 7615 ||| INVOKING Heroism.
  7627 | D:8      | Reached skill level 9 in Axes
  7668 | D:8      | 7668 ||| Stepping ~*~*~tactically~*~*~ (hiding).
  7670 | D:8      | 7670 ||| Stepping ~*~*~tactically~*~*~ (hiding).
  7798 | D:8      | 7798 ||| INVOKING Heroism.
  7812 | D:8      | Reached *** piety under Okawaru
  7948 | D:8      | Found a snail-covered altar of Cheibriados.
  8114 | D:8      | 8114 ||| INVOKING Heroism.
  8222 | D:8      | Noticed a gargoyle
  8223 | D:8      | 8223 ||| Stepping ~*~*~tactically~*~*~ (hiding).
  8225 | D:8      | 8225 ||| Stepping ~*~*~tactically~*~*~ (hiding).
  8226 | D:8      | 8226 ||| Stepping ~*~*~tactically~*~*~ (hiding).
  8232 | D:8      | Killed a gargoyle
  8335 | D:8      | 8335 ||| DROPPING +2 flail.
  8374 | D:8      | 8374 ||| Stepping ~*~*~tactically~*~*~ (stealth).
  8390 | D:8      | 8390 ||| INVOKING Heroism.
  8394 | D:8      | Reached skill level 9 in Shields
  8619 | D:8      | 8619 ||| Stepping ~*~*~tactically~*~*~ (hiding).
  8629 | D:8      | Received a gift from Okawaru
  8632 | D:8      | 8632 ||| INVOKING Heroism.
  8752 | D:8      | 8752 ||| SWAPPING to +6 war axe.
  8753 | D:8      | 8753 ||| DROPPING +1 war axe.
  8874 | D:8      | 8874 ||| DROPPING amulet of regeneration.
  8875 | D:8      | 8875 ||| READING scroll labelled WURENA CIBOWK.
  8875 | D:8      | Identified a scroll of acquirement
  8875 | D:8      | 8875 ||| ACQUIRING +3 vorpal broad axe
  8875 | D:8      | Acquired a +3 vorpal broad axe
  8877 | D:8      | 8877 ||| SWAPPING to +3 vorpal broad axe.
  8878 | D:8      | 8878 ||| DROPPING +6 war axe.
  8879 | D:8      | 8879 ||| READING 4 scrolls of identify.
  8879 | D:8      | 8879 ||| IDENTIFYING silvery potion
  8919 | D:9      | 8919 ||| STAIRDANCE
  8935 | D:9      | 8935 ||| STAIRDANCE
  9005 | D:9      | 9005 ||| Stepping ~*~*~tactically~*~*~ (hiding).
  9008 | D:9      | 9008 ||| INVOKING Heroism.
  9167 | D:9      | Noticed a two-headed ogre
  9168 | D:9      | 9168 ||| INVOKING Heroism.
  9174 | D:9      | Killed a two-headed ogre
  9174 | D:9      | Reached **** piety under Okawaru
  9175 | D:9      | Reached skill level 10 in Axes
  9271 | D:9      | 9271 ||| INVOKING Heroism.
  9340 | D:9      | 9340 ||| INVOKING Heroism.
  9425 | D:9      | 9425 ||| Stepping ~*~*~tactically~*~*~ (hiding).
  9427 | D:9      | 9427 ||| INVOKING Heroism.
  9448 | D:9      | Reached XP level 11. HP: 67/67 MP: 14/14
  9507 | D:9      | 9507 ||| INVOKING Heroism.
  9580 | D:9      | 9580 ||| UPGRADING to +0 chain mail of fire resistance.
  9590 | D:9      | 9590 ||| DROPPING +0 chain mail.
  9591 | D:9      | 9591 ||| UPGRADING to +0 plate armour.
  9601 | D:9      | 9601 ||| DROPPING amulet of the acrobat.
  9602 | D:9      | 9602 ||| READING 4 scrolls of identify.
  9602 | D:9      | 9602 ||| IDENTIFYING fizzy purple potion
  9603 | D:9      | 9603 ||| DROPPING potion of degeneration.
  9604 | D:9      | 9604 ||| READING scroll of teleportation.
  9730 | D:9      | 9730 ||| Stepping ~*~*~tactically~*~*~ (stealth).
  9732 | D:9      | 9732 ||| Stepping ~*~*~tactically~*~*~ (stealth).
  9734 | D:9      | 9734 ||| Stepping ~*~*~tactically~*~*~ (stealth).
  9738 | D:9      | 9738 ||| Stepping ~*~*~tactically~*~*~ (stealth).
  9749 | D:9      | Reached skill level 6 in Invocations
  9759 | D:9      | 9759 ||| FLEEEEING.
  9760 | D:9      | 9760 ||| FLEEEEING.
  9761 | D:9      | 9761 ||| FLEEEEING.
  9762 | D:9      | 9762 ||| FLEEEEING.
  9763 | D:9      | 9763 ||| FLEEEEING.
  9764 | D:9      | 9764 ||| FLEEEEING.
  9765 | D:9      | 9765 ||| FLEEEEING.
  9766 | D:9      | 9766 ||| FLEEEEING.
  9767 | D:9      | 9767 ||| FLEEEEING.
  9768 | D:9      | 9768 ||| FLEEEEING.
  9770 | D:9      | 9770 ||| FLEEEEING.
  9771 | D:9      | 9771 ||| FLEEEEING.
  9772 | D:9      | 9772 ||| FLEEEEING.
  9773 | D:9      | 9773 ||| FLEEEEING.
  9807 | D:9      | 9807 ||| Stepping ~*~*~tactically~*~*~ (stealth).
  9837 | D:9      | Found a staircase to the Lair.
  9847 | D:9      | 9847 ||| Stepping ~*~*~tactically~*~*~ (stealth).
  9890 | D:9      | 9890 ||| Stepping ~*~*~tactically~*~*~ (hiding).
  9894 | D:9      | 9894 ||| INVOKING Heroism.
 10023 | D:9      | 10023 ||| Stepping ~*~*~tactically~*~*~ (stealth).
 10024 | D:9      | 10024 ||| INVOKING Heroism.
 10153 | D:9      | 10153 ||| PLANNING LAIR
 10153 | D:9      | 10153 ||| UPGRADING to +4 ring of evasion.
 10203 | Lair:1   | Entered Level 1 of the Lair of Beasts
 10246 | Lair:1   | 10246 ||| INVOKING Heroism.
 10247 | Lair:1   | 10247 ||| Stepping ~*~*~tactically~*~*~ (hiding).
 10255 | Lair:1   | Reached ***** piety under Okawaru
 10256 | Lair:1   | Reached skill level 6 in Armour
 10279 | Lair:1   | 10279 ||| INVOKING Heroism.
 10345 | Lair:1   | 10345 ||| INVOKING Heroism.
 10386 | Lair:1   | 10386 ||| Stepping ~*~*~tactically~*~*~ (stealth).
 10387 | Lair:1   | 10387 ||| Stepping ~*~*~tactically~*~*~ (stealth).
 10388 | Lair:1   | 10388 ||| Stepping ~*~*~tactically~*~*~ (stealth).
 10394 | Lair:1   | 10394 ||| INVOKING Heroism.
 10423 | Lair:1   | 10423 ||| Stepping ~*~*~tactically~*~*~ (stealth).
 10425 | Lair:1   | Received a gift from Okawaru
 10436 | Lair:1   | 10436 ||| Stepping ~*~*~tactically~*~*~ (stealth).
 10560 | Lair:1   | 10560 ||| Stepping ~*~*~tactically~*~*~ (hiding).
 10676 | Lair:1   | 10676 ||| INVOKING Heroism.
 11005 | Lair:1   | 11005 ||| UPGRADING to +2 helmet.
 11010 | Lair:1   | 11010 ||| DROPPING ring of flight.
 11011 | Lair:1   | 11011 ||| UPGRADING to ring of resist corrosion.
 11012 | Lair:1   | 11012 ||| READING scroll labelled GUWNUFE WIHA.
 11034 | Lair:2   | 11034 ||| PLANNING GAUNTLET
 11042 | Lair:2   | 11042 ||| INVOKING Heroism.
 11113 | Lair:2   | Found a transporter.
 11118 | Lair:2   | Noticed qw's ghost (journeyman GrFi)
 11124 | Lair:2   | Noticed an oklob plant
 11144 | Lair:2   | 11144 ||| INVOKING Heroism.
 11155 | Lair:2   | Reached skill level 3 in Throwing
 11274 | Lair:2   | 11274 ||| INVOKING Heroism.
 11284 | Lair:2   | Received a gift from Okawaru
 11398 | Lair:2   | 11398 ||| Stepping ~*~*~tactically~*~*~ (stealth).
 11400 | Lair:2   | 11400 ||| Stepping ~*~*~tactically~*~*~ (stealth).
 11410 | Lair:2   | 11410 ||| Stepping ~*~*~tactically~*~*~ (stealth).
 11411 | Lair:2   | 11411 ||| Stepping ~*~*~tactically~*~*~ (stealth).
 11419 | Lair:2   | 11419 ||| INVOKING Heroism.
 11423 | Lair:2   | 11423 ||| Stepping ~*~*~tactically~*~*~ (stealth).
 11492 | Lair:2   | 11492 ||| RIP GAUNTLET
 11573 | Lair:2   | 11573 ||| PLANNING LAIR
 11676 | Lair:2   | Found a hole to the Spider Nest.
 11681 | Lair:2   | 11681 ||| INVOKING Heroism.
 11686 | Lair:2   | Reached skill level 9 in Invocations
 11701 | Lair:2   | Reached skill level 11 in Axes
 11701 | Lair:2   | Reached XP level 12. HP: 73/73 MP: 18/18
 11826 | Lair:2   | Noticed an eight-headed hydra
 11828 | Lair:2   | 11828 ||| INVOKING Heroism.
 11829 | Lair:2   | 11829 ||| INVOKING Finesse.
 11830 | Lair:2   | 11830 ||| SWAPPING to +0 morningstar.
 11838 | Lair:2   | Killed an eight-headed hydra
 11839 | Lair:2   | 11839 ||| SWAPPING to +3 vorpal broad axe.
 12143 | Lair:2   | Noticed a death yak
 12157 | Lair:2   | Noticed a six-headed hydra
 12171 | Lair:2   | Found a transporter.
 12343 | Lair:2   | 12343 ||| DROPPING +1 chain mail of poison resistance.
 12344 | Lair:2   | 12344 ||| READING scroll labelled FIAFAE DUPLUW.
 12345 | Lair:2   | 12345 ||| READING scroll labelled FOAQEMO GUMOTT.
 12369 | Lair:3   | 12369 ||| INVOKING Heroism.
 12371 | Lair:3   | 12371 ||| STAIRDANCE
 12627 | Lair:3   | 12627 ||| INVOKING Heroism.
 13010 | Lair:3   | Identified the +6 scale mail of Enuo {rCorr Str+3 SInv}
 13223 | Lair:3   | Found a staircase to the Swamp.
 13225 | Lair:3   | 13225 ||| FLEEEEING.
 13226 | Lair:3   | 13226 ||| FLEEEEING.
 13227 | Lair:3   | 13227 ||| FLEEEEING.
 13228 | Lair:3   | 13228 ||| FLEEEEING.
 13229 | Lair:3   | 13229 ||| FLEEEEING.
 13374 | Lair:3   | 13374 ||| INVOKING Heroism.
 13375 | Lair:3   | 13375 ||| Stepping ~*~*~tactically~*~*~ (stealth).
 13389 | Lair:3   | 13389 ||| Stepping ~*~*~tactically~*~*~ (stealth).
 13497 | Lair:3   | 13497 ||| UPGRADING to +6 scale mail of Enuo {rCorr Str+3
                  | SInv}.
 13507 | Lair:3   | 13507 ||| REMOVING ring of resist corrosion.
 13538 | Lair:4   | 13538 ||| STAIRDANCE
 13569 | Lair:4   | 13569 ||| STAIRDANCE
 13571 | Lair:3   | 13571 ||| INVOKING Heroism.
 13580 | Lair:4   | 13580 ||| STAIRDANCE
 13590 | Lair:4   | 13590 ||| STAIRDANCE
 13636 | Lair:4   | 13636 ||| STAIRDANCE
 13683 | Lair:4   | Reached skill level 9 in Fighting
 13683 | Lair:4   | 13683 ||| STAIRDANCE
 13735 | Lair:4   | 13735 ||| Stepping ~*~*~tactically~*~*~ (stealth).
 13738 | Lair:4   | 13738 ||| Stepping ~*~*~tactically~*~*~ (stealth).
 13742 | Lair:4   | 13742 ||| Stepping ~*~*~tactically~*~*~ (stealth).
 13749 | Lair:4   | 13749 ||| FLEEEEING.
 13751 | Lair:4   | 13751 ||| INVOKING Heroism.
 13818 | Lair:4   | Found a staircase to the Slime Pits.
 13973 | Lair:4   | Noticed Sonja
 13974 | Lair:4   | 13974 ||| INVOKING Finesse.
 14001 | Lair:4   | 14001 ||| INVOKING Heroism.
 14027 | Lair:4   | 14027 ||| INVOKING Finesse.
 14035 | Lair:4   | Killed Sonja
 14035 | Lair:4   | Received a gift from Okawaru
 14194 | Lair:4   | 14194 ||| INVOKING Heroism.
 14204 | Lair:4   | Reached skill level 12 in Axes
 14295 | Lair:4   | Noticed Kirke
 14296 | Lair:4   | 14296 ||| INVOKING Heroism.
 14297 | Lair:4   | 14297 ||| INVOKING Finesse.
 14317 | Lair:4   | 14317 ||| DRINKING potion of cancellation.
 14323 | Lair:4   | Killed Kirke
 14540 | Lair:4   | 14540 ||| INVOKING Heroism.
 14604 | Lair:4   | Reached XP level 13. HP: 80/80 MP: 20/20
 14634 | Lair:4   | Noticed Rupert
 14635 | Lair:4   | 14635 ||| INVOKING Heroism.
 14636 | Lair:4   | 14636 ||| INVOKING Finesse.
 14646 | Lair:4   | 14646 ||| DRINKING 6 potions of curing.
 14646 | Lair:4   | 14646 ||| (to cure confusion)
 14657 | Lair:4   | Killed Rupert
 14815 | Lair:4   | 14815 ||| Stepping ~*~*~tactically~*~*~ (hiding).
 14898 | Lair:4   | Found a runed translucent door.
 14898 | Lair:4   | Noticed Fifowuza's ghost (journeyman DrTm)
 15175 | Lair:4   | 15175 ||| UPGRADING to +2 cloak.
 15185 | Lair:4   | 15185 ||| DROPPING +1 cloak.
 15186 | Lair:4   | 15186 ||| UPGRADING to ring of positive energy.
 15306 | Lair:5   | Entered Level 5 of the Lair of Beasts
 15319 | Lair:5   | 15319 ||| Stepping ~*~*~tactically~*~*~ (stealth).
 15320 | Lair:5   | 15320 ||| INVOKING Heroism.
 15321 | Lair:5   | 15321 ||| SWAPPING to +0 morningstar.
 15322 | Lair:5   | 15322 ||| INVOKING Finesse.
 15323 | Lair:5   | 15323 ||| Stepping ~*~*~tactically~*~*~ (outnumbered).
 15326 | Lair:5   | 15326 ||| Stepping ~*~*~tactically~*~*~ (outnumbered).
 15334 | Lair:5   | Received a gift from Okawaru
 15335 | Lair:5   | 15335 ||| SWAPPING to +3 vorpal broad axe.
 15457 | Lair:5   | 15457 ||| Stepping ~*~*~tactically~*~*~ (stealth).
 15481 | Lair:5   | 15481 ||| Stepping ~*~*~tactically~*~*~ (stealth).
 15546 | Lair:5   | 15546 ||| Stepping ~*~*~tactically~*~*~ (stealth).
 15552 | Lair:5   | 15552 ||| INVOKING Heroism.
 15559 | Lair:5   | 15559 ||| Stepping ~*~*~tactically~*~*~ (stealth).
 15625 | Lair:5   | 15625 ||| INVOKING Heroism.
 15626 | Lair:5   | 15626 ||| INVOKING Finesse.
 15629 | Lair:5   | 15629 ||| SWAPPING to +0 morningstar.
 15636 | Lair:5   | 15636 ||| Stepping ~*~*~tactically~*~*~ (outnumbered).
 15638 | Lair:5   | 15638 ||| SWAPPING to +3 vorpal broad axe.
 15896 | Lair:5   | 15896 ||| Stepping ~*~*~tactically~*~*~ (stealth).
 15904 | Lair:5   | 15904 ||| Stepping ~*~*~tactically~*~*~ (stealth).
 15905 | Lair:5   | 15905 ||| INVOKING Heroism.
 15934 | Lair:5   | 15934 ||| Stepping ~*~*~tactically~*~*~ (hiding).
 15975 | Lair:5   | 15975 ||| INVOKING Heroism.
 16000 | Lair:5   | Noticed a dire elephant
 16002 | Lair:5   | 16002 ||| INVOKING Finesse.
 16007 | Lair:5   | 16007 ||| Stepping ~*~*~tactically~*~*~ (stealth).
 16013 | Lair:5   | 16013 ||| INVOKING Heroism.
 16026 | Lair:5   | Killed a dire elephant
 16026 | Lair:5   | Identified the +0 cloak "Bimu" {Rampage Will+} (Okawaru
                  | gifted it to you on level 5 of the Lair of Beasts)
 16026 | Lair:5   | Received a gift from Okawaru
 16027 | Lair:5   | Reached skill level 13 in Axes
 16134 | Lair:5   | 16134 ||| INVOKING Heroism.
 16135 | Lair:5   | 16135 ||| INVOKING Finesse.
 16144 | Lair:5   | 16144 ||| Stepping ~*~*~tactically~*~*~ (stealth).
 16179 | Lair:5   | 16179 ||| Stepping ~*~*~tactically~*~*~ (hiding).
 16182 | Lair:5   | 16182 ||| INVOKING Heroism.
 16199 | Lair:5   | 16199 ||| INVOKING Finesse.
 16201 | Lair:5   | 16201 ||| Stepping ~*~*~tactically~*~*~ (hiding).
 16256 | Lair:5   | 16256 ||| Stepping ~*~*~tactically~*~*~ (hiding).
 16260 | Lair:5   | 16260 ||| INVOKING Heroism.
 16261 | Lair:5   | 16261 ||| SWAPPING to +0 morningstar.
 16262 | Lair:5   | 16262 ||| INVOKING Finesse.
 16275 | Lair:5   | HP: 20/82 [black mamba (4)]
 16276 | Lair:5   | 16276 ||| READING 3 scrolls of teleportation.
 16277 | Lair:5   | 16277 ||| DRINKING 2 potions of heal wounds.
 16280 | Lair:5   | 16280 ||| DRINKING potion of heal wounds.
 16284 | Lair:5   | 16284 ||| SWAPPING to +3 vorpal broad axe.
 16668 | Lair:5   | 16668 ||| INVOKING Heroism.
 16710 | Lair:5   | 16710 ||| INVOKING Heroism.
 16712 | Lair:5   | 16712 ||| Stepping ~*~*~tactically~*~*~ (stealth).
 16752 | Lair:5   | 16752 ||| Stepping ~*~*~tactically~*~*~ (stealth).
 16753 | Lair:5   | 16753 ||| Stepping ~*~*~tactically~*~*~ (stealth).
 16779 | Lair:5   | Reached skill level 14 in Axes
 16829 | Lair:5   | 16829 ||| INVOKING Heroism.
 16830 | Lair:5   | 16830 ||| INVOKING Finesse.
 16832 | Lair:5   | 16832 ||| SWAPPING to +0 morningstar.
 16842 | Lair:5   | Reached skill level 3 in Dodging
 16842 | Lair:5   | 16842 ||| SWAPPING to +3 vorpal broad axe.
 16958 | Lair:5   | 16958 ||| INVOKING Heroism.
 16963 | Lair:5   | Gained mutation: Your large and strong wings let you fly.
                  | [Gargoyle growth]
 16963 | Lair:5   | Reached XP level 14. HP: 86/88 MP: 18/21
 17217 | Lair:5   | 17217 ||| INVOKING Heroism.
 17397 | Lair:5   | 17397 ||| Stepping ~*~*~tactically~*~*~ (hiding).
 17410 | Lair:5   | 17410 ||| Stepping ~*~*~tactically~*~*~ (stealth).
 17411 | Lair:5   | 17411 ||| Stepping ~*~*~tactically~*~*~ (stealth).
 17412 | Lair:5   | 17412 ||| Stepping ~*~*~tactically~*~*~ (stealth).
 17415 | Lair:5   | 17415 ||| INVOKING Heroism.
 17418 | Lair:5   | 17418 ||| SWAPPING to +0 morningstar.
 17424 | Lair:5   | 17424 ||| SWAPPING to +3 vorpal broad axe.
 17433 | Lair:5   | 17433 ||| Stepping ~*~*~tactically~*~*~ (stealth).
 17435 | Lair:5   | 17435 ||| Stepping ~*~*~tactically~*~*~ (stealth).
 17436 | Lair:5   | 17436 ||| Stepping ~*~*~tactically~*~*~ (stealth).
 17500 | Lair:5   | 17500 ||| DROPPING +5 flail of protection.
 17598 | Lair:5   | 17598 ||| PLANNING D:1-11
 17598 | Lair:5   | 17598 ||| DROPPING +0 cloak "Bimu" {Rampage Will+}.
 17599 | Lair:5   | 17599 ||| READING 6 scrolls of identify.
 17599 | Lair:5   | 17599 ||| IDENTIFYING green potion
 17600 | Lair:5   | 17600 ||| READING 5 scrolls of identify.
 17600 | Lair:5   | 17600 ||| IDENTIFYING fuming coppery potion
 17601 | Lair:5   | 17601 ||| DROPPING potion of invisibility.
 17691 | D:10     | Entered Level 10 of the Dungeon
 17722 | D:10     | Found a portal to a secret trove of treasure.
 17834 | D:10     | 17834 ||| INVOKING Heroism.
 17937 | D:10     | 17937 ||| Stepping ~*~*~tactically~*~*~ (stealth).
 18002 | D:10     | 18002 ||| INVOKING Heroism.
 18282 | D:10     | 18282 ||| Stepping ~*~*~tactically~*~*~ (hiding).
 18534 | D:11     | 18534 ||| INVOKING Heroism.
 18539 | D:11     | Found Peny's Weapon Shoppe.
 18542 | D:11     | Reached skill level 12 in Shields
 18544 | D:11     | Found a staircase to the Orcish Mines.
 18713 | D:11     | 18713 ||| INVOKING Heroism.
 18788 | D:11     | 18788 ||| INVOKING Heroism.
 18885 | D:11     | 18885 ||| Stepping ~*~*~tactically~*~*~ (hiding).
 19005 | D:11     | Identified the +3 robe "Jyst" {Will+}
 19007 | D:11     | 19007 ||| INVOKING Heroism.
 19016 | D:11     | Received a gift from Okawaru
 19230 | D:11     | 19230 ||| PLANNING D
 19260 | D:12     | 19260 ||| INVOKING Heroism.
 19262 | D:12     | 19262 ||| STAIRDANCE
 19276 | D:12     | 19276 ||| STAIRDANCE
 19406 | D:12     | 19406 ||| INVOKING Heroism.
 19407 | D:12     | 19407 ||| SWAPPING to +0 morningstar.
 19413 | D:12     | 19413 ||| SWAPPING to +3 vorpal broad axe.
 19474 | D:12     | Reached skill level 6 in Throwing
 19650 | D:12     | 19650 ||| STAIRDANCE
 19653 | D:11     | 19653 ||| DROPPING amulet of magic regeneration.
 19654 | D:11     | 19654 ||| READING scroll labelled JAKKIHEXAN.
 19657 | D:12     | 19657 ||| STAIRDANCE
 19702 | D:12     | 19702 ||| INVOKING Heroism.
 19723 | D:12     | 19723 ||| INVOKING Heroism.
 19729 | D:12     | HP: 20/90 [fire elemental[a deep elf pyromancer] (9)]
 19730 | D:12     | 19730 ||| READING 3 scrolls of teleportation.
 19734 | D:12     | HP: 1/90 [fire elemental[a deep elf pyromancer] (11)]
 19866 | D:12     | 19866 ||| FLEEEEING.
 19867 | D:12     | 19867 ||| INVOKING Heroism.
 19880 | D:12     | 19880 ||| Stepping ~*~*~tactically~*~*~ (hiding).
 19881 | D:12     | 19881 ||| Stepping ~*~*~tactically~*~*~ (hiding).
 20175 | D:12     | Found the +12 glaive of Prune {vorpal}
 20177 | D:12     | 20177 ||| Stepping ~*~*~tactically~*~*~ (hiding).
 20322 | D:12     | 20322 ||| Stepping ~*~*~tactically~*~*~ (hiding).
 20324 | D:12     | 20324 ||| Stepping ~*~*~tactically~*~*~ (hiding).
 20606 | D:12     | 20606 ||| UPGRADING to ring of protection from fire.
 20737 | D:13     | 20737 ||| READING scroll of enchant weapon.
 20737 | D:13     | 20737 ||| ENCHANTING +3 vorpal broad axe.
 20782 | D:13     | 20782 ||| INVOKING Heroism.
 20783 | D:13     | 20783 ||| INVOKING Finesse.
 20796 | D:13     | Received a gift from Okawaru
 20797 | D:13     | Reached skill level 15 in Axes
 20897 | D:13     | 20897 ||| Stepping ~*~*~tactically~*~*~ (hiding).
 20946 | D:13     | Received a gift from Okawaru
 20982 | D:13     | Identified the +5 great mace of Eternal Vigilance {flame,
                  | *Slow rElec rPois rF+++}
 21029 | D:13     | 21029 ||| Stepping ~*~*~tactically~*~*~ (hiding).
 21116 | D:13     | 21116 ||| READING scroll of enchant armour.
 21116 | D:13     | 21116 ||| ENCHANTING +0 pair of gloves.
 21587 | D:13     | Reached skill level 12 in Fighting
 21697 | D:13     | 21697 ||| READING scroll labelled QAOG BOODD.
 21728 | D:14     | 21728 ||| STAIRDANCE
 21764 | D:14     | Noticed Nessos
 21765 | D:14     | 21765 ||| INVOKING Heroism.
 21766 | D:14     | 21766 ||| INVOKING Finesse.
 21768 | D:14     | 21768 ||| DRINKING 7 potions of curing.
 21768 | D:14     | 21768 ||| (to cure confusion)
 21776 | D:14     | Killed Nessos
 21817 | D:14     | Found a gate to the Vaults.
 21826 | D:14     | 21826 ||| INVOKING Heroism.
 21856 | D:14     | Reached XP level 15. HP: 96/96 MP: 22/22
 21891 | D:14     | 21891 ||| Stepping ~*~*~tactically~*~*~ (stealth).
 21897 | D:14     | 21897 ||| Stepping ~*~*~tactically~*~*~ (stealth).
 21900 | D:14     | 21900 ||| Stepping ~*~*~tactically~*~*~ (hiding).
 21911 | D:14     | 21911 ||| INVOKING Heroism.
 21913 | D:14     | HP: 19/96 [freezing wraith[a death knight] (17)]
 21914 | D:14     | 21914 ||| READING 6 scrolls of teleportation.
 21915 | D:14     | 21915 ||| DRINKING 3 potions of heal wounds.
 21921 | D:14     | 21921 ||| Stepping ~*~*~tactically~*~*~ (stealth).
 21926 | D:14     | 21926 ||| Stepping ~*~*~tactically~*~*~ (stealth).
 21927 | D:14     | 21927 ||| Stepping ~*~*~tactically~*~*~ (stealth).
 21928 | D:14     | 21928 ||| Stepping ~*~*~tactically~*~*~ (stealth).
 21935 | D:14     | Received a gift from Okawaru
 21955 | D:14     | Reached skill level 16 in Axes
 22154 | D:14     | 22154 ||| Stepping ~*~*~tactically~*~*~ (stealth).
 22159 | D:14     | 22159 ||| INVOKING Heroism.
 22191 | D:14     | 22191 ||| Stepping ~*~*~tactically~*~*~ (stealth).
 22199 | D:14     | 22199 ||| Stepping ~*~*~tactically~*~*~ (stealth).
 22338 | D:14     | Noticed a frost giant
 22338 | D:14     | Noticed a sphinx
 22339 | D:14     | Found a runed translucent door.
 22341 | D:14     | Noticed a frost giant
 22503 | D:15     | Entered Level 15 of the Dungeon
 22507 | D:15     | 22507 ||| INVOKING Heroism.
 22508 | D:15     | 22508 ||| Stepping ~*~*~tactically~*~*~ (hiding).
 22555 | D:15     | 22555 ||| Stepping ~*~*~tactically~*~*~ (stealth).
 22558 | D:15     | 22558 ||| Stepping ~*~*~tactically~*~*~ (stealth).
 22559 | D:15     | 22559 ||| INVOKING Heroism.
 22562 | D:15     | 22562 ||| Stepping ~*~*~tactically~*~*~ (stealth).
 22564 | D:15     | 22564 ||| Stepping ~*~*~tactically~*~*~ (stealth).
 22582 | D:15     | Identified the +1 pair of gloves of the Big Bang {Str+3}
                  | (Okawaru gifted it to you on level 15 of the Dungeon)
 22582 | D:15     | Received a gift from Okawaru
 22769 | D:15     | Identified the +0 helmet of the Tired Wishes {Regen+}
 22799 | D:15     | 22799 ||| Stepping ~*~*~tactically~*~*~ (hiding).
 22801 | D:15     | 22801 ||| Stepping ~*~*~tactically~*~*~ (hiding).
 22803 | D:15     | 22803 ||| INVOKING Heroism.
 22810 | D:15     | 22810 ||| READING 6 scrolls of teleportation.
 22844 | D:15     | 22844 ||| Stepping ~*~*~tactically~*~*~ (hiding).
 22879 | D:15     | Found a staircase to the Depths.
 22879 | D:15     | Noticed a frost giant
 22880 | D:15     | 22880 ||| INVOKING Heroism.
 22881 | D:15     | 22881 ||| INVOKING Finesse.
 22890 | D:15     | Killed a frost giant
 22968 | D:15     | 22968 ||| Stepping ~*~*~tactically~*~*~ (stealth).
 22970 | D:15     | 22970 ||| Stepping ~*~*~tactically~*~*~ (stealth).
 22974 | D:15     | 22974 ||| Stepping ~*~*~tactically~*~*~ (stealth).
 22985 | D:15     | 22985 ||| INVOKING Heroism.
 23070 | D:15     | 23070 ||| INVOKING Heroism.
 23111 | D:15     | Identified the +3 long sword "Qoxzy" {vorpal, rPois rCorr
                  | Str+6}
 23172 | D:15     | 23172 ||| INVOKING Heroism.
 23190 | D:15     | 23190 ||| Stepping ~*~*~tactically~*~*~ (stealth).
 23192 | D:15     | 23192 ||| Stepping ~*~*~tactically~*~*~ (stealth).
 23194 | D:15     | 23194 ||| Stepping ~*~*~tactically~*~*~ (stealth).
 23195 | D:15     | 23195 ||| Stepping ~*~*~tactically~*~*~ (stealth).
 23208 | D:15     | Found a white marble altar of Elyvilon.
 23527 | D:15     | 23527 ||| PLANNING ORC
 23527 | D:15     | 23527 ||| UPGRADING to +1 pair of gloves of the Big Bang
                  | {Str+3}.
 23537 | D:15     | 23537 ||| DROPPING +1 pair of gloves.
 23538 | D:15     | 23538 ||| DROPPING +0 helmet of the Tired Wishes {Regen+}.
 23539 | D:15     | 23539 ||| DROPPING amulet of guardian spirit.
 23540 | D:15     | 23540 ||| READING scroll labelled KOANOSHREST.
 23750 | Orc:1    | Entered Level 1 of the Orcish Mines
 23757 | Orc:1    | 23757 ||| Stepping ~*~*~tactically~*~*~ (hiding).
 23770 | Orc:1    | 23770 ||| Stepping ~*~*~tactically~*~*~ (hiding).
 23796 | Orc:1    | Found a radiant altar of Vehumet.
 23803 | Orc:1    | 23803 ||| INVOKING Heroism.
 23915 | Orc:1    | 23915 ||| Stepping ~*~*~tactically~*~*~ (stealth).
 23970 | Orc:1    | 23970 ||| Stepping ~*~*~tactically~*~*~ (hiding).
 23974 | Orc:1    | 23974 ||| INVOKING Heroism.
 24076 | Orc:1    | Found a dark tunnel.
 24097 | Orc:1    | 24097 ||| Stepping ~*~*~tactically~*~*~ (stealth).
 24108 | Orc:1    | 24108 ||| INVOKING Heroism.
 24116 | Orc:1    | 24116 ||| Stepping ~*~*~tactically~*~*~ (hiding).
 24117 | Orc:1    | 24117 ||| Stepping ~*~*~tactically~*~*~ (hiding).
 24118 | Orc:1    | 24118 ||| Stepping ~*~*~tactically~*~*~ (hiding).
 24119 | Orc:1    | 24119 ||| Stepping ~*~*~tactically~*~*~ (hiding).
 24120 | Orc:1    | 24120 ||| Stepping ~*~*~tactically~*~*~ (hiding).
 24121 | Orc:1    | 24121 ||| Stepping ~*~*~tactically~*~*~ (hiding).
 24122 | Orc:1    | 24122 ||| Stepping ~*~*~tactically~*~*~ (hiding).
 24127 | Orc:1    | 24127 ||| DRINKING 6 potions of curing.
 24127 | Orc:1    | 24127 ||| (to cure confusion)
 24131 | Orc:1    | 24131 ||| Stepping ~*~*~tactically~*~*~ (hiding).
 24136 | Orc:1    | 24136 ||| Stepping ~*~*~tactically~*~*~ (hiding).
 24438 | Orc:2    | Entered Level 2 of the Orcish Mines
 24467 | Orc:2    | Found a staircase to the Elven Halls.
 24468 | Orc:2    | 24468 ||| INVOKING Heroism.
 24491 | Orc:2    | Noticed Erolcha
 24518 | Orc:2    | Killed Erolcha
 24580 | Orc:2    | 24580 ||| INVOKING Heroism.
 24615 | Orc:2    | Noticed Urug
 24616 | Orc:2    | 24616 ||| INVOKING Finesse.
 24619 | Orc:2    | Killed Urug
 24620 | Orc:2    | Noticed Maurice
 24641 | Orc:2    | Reached skill level 17 in Axes
 24642 | Orc:2    | 24642 ||| INVOKING Heroism.
 24646 | Orc:2    | Killed Maurice
 24853 | Orc:2    | 24853 ||| FLEEEEING.
 24856 | Orc:2    | 24856 ||| Stepping ~*~*~tactically~*~*~ (hiding).
 24863 | Orc:2    | 24863 ||| INVOKING Heroism.
 24868 | Orc:2    | Found Reoptuwixi's Book Boutique.
 24919 | Orc:2    | 24919 ||| INVOKING Heroism.
 24954 | Orc:2    | Found Yrirasch's Armour Shoppe.
 24962 | Orc:2    | 24962 ||| BUYING +1 kite shield of the Ace of Wands {MP-9
                  | Str-4 Dex+4} (142 gold).
 24962 | Orc:2    | Bought the +1 kite shield of the Ace of Wands {MP-9 Str-4
                  | Dex+4} for 142 gold pieces
 24962 | Orc:2    | Found Gurepab's Armour Shoppe.
 24964 | Orc:2    | Found Nietax's Armour Boutique.
 24970 | Orc:2    | 24970 ||| BUYING +1 helmet of see invisible (264 gold).
 24970 | Orc:2    | Bought a +1 helmet of see invisible for 264 gold pieces
 24970 | Orc:2    | 24970 ||| BUYING +2 helmet of see invisible (344 gold).
 24970 | Orc:2    | Bought a +2 helmet of see invisible for 344 gold pieces
 24970 | Orc:2    | 24970 ||| BUYING +2 plate armour of cold resistance (640
                  | gold).
 24970 | Orc:2    | Bought a +2 plate armour of cold resistance for 640 gold
                  | pieces
 24973 | Orc:2    | 24973 ||| BUYING +0 pair of boots (76 gold).
 24973 | Orc:2    | Bought a +0 pair of boots for 76 gold pieces
 25171 | Orc:2    | Reached XP level 16. HP: 104/104 MP: 23/23
 25194 | Orc:2    | 25194 ||| Stepping ~*~*~tactically~*~*~ (hiding).
 25396 | Orc:2    | 25396 ||| PLANNING SPIDER:1-3
 25396 | Orc:2    | 25396 ||| DROPPING +2 chain mail of cold resistance.
 25397 | Orc:2    | 25397 ||| DROPPING +0 plate armour.
 25398 | Orc:2    | 25398 ||| UPGRADING to +1 kite shield of the Ace of Wands
                  | {MP-9 Str-4 Dex+4}.
 25408 | Orc:2    | 25408 ||| DROPPING +0 kite shield.
 25409 | Orc:2    | 25409 ||| DROPPING +1 helmet of see invisible.
 25410 | Orc:2    | 25410 ||| UPGRADING to +0 pair of boots.
 25615 | Spider:1 | Entered Level 1 of the Spider Nest
 25618 | Spider:1 | 25618 ||| INVOKING Heroism.
 25623 | Spider:1 | Noticed Aizul
 25624 | Spider:1 | 25624 ||| INVOKING Finesse.
 25657 | Spider:1 | Killed Aizul
 25721 | Spider:1 | 25721 ||| INVOKING Heroism.
 25723 | Spider:1 | 25723 ||| INVOKING Finesse.
 25739 | Spider:1 | Reached skill level 9 in Armour
 25755 | Spider:1 | Received a gift from Okawaru
 25851 | Spider:1 | 25851 ||| Stepping ~*~*~tactically~*~*~ (stealth).
 25871 | Spider:1 | 25871 ||| Stepping ~*~*~tactically~*~*~ (stealth).
 26160 | Spider:1 | Noticed Louise
 26161 | Spider:1 | 26161 ||| INVOKING Heroism.
 26162 | Spider:1 | 26162 ||| INVOKING Finesse.
 26185 | Spider:1 | Killed Louise
 26232 | Spider:1 | 26232 ||| DROPPING +0 morningstar.
 26276 | Spider:1 | 26276 ||| Stepping ~*~*~tactically~*~*~ (stealth).
 26278 | Spider:1 | 26278 ||| Stepping ~*~*~tactically~*~*~ (stealth).
 26283 | Spider:1 | 26283 ||| INVOKING Heroism.
 26299 | Spider:1 | 26299 ||| INVOKING Finesse.
 26418 | Spider:1 | 26418 ||| INVOKING Finesse.
 26422 | Spider:1 | 26422 ||| INVOKING Heroism.
 26738 | Spider:1 | 26738 ||| UPGRADING to +0 tower shield.
 26748 | Spider:1 | 26748 ||| DROPPING +1 kite shield of the Ace of Wands {MP-9
                  | Str-4 Dex+4}.
 26956 | Spider:2 | 26956 ||| INVOKING Heroism.
 27071 | Spider:2 | 27071 ||| Stepping ~*~*~tactically~*~*~ (stealth).
 27073 | Spider:2 | 27073 ||| INVOKING Heroism.
 27216 | Spider:2 | 27216 ||| Stepping ~*~*~tactically~*~*~ (hiding).
 27279 | Spider:2 | 27279 ||| Stepping ~*~*~tactically~*~*~ (stealth).
 27367 | Spider:2 | 27367 ||| INVOKING Finesse.
 27368 | Spider:2 | 27368 ||| INVOKING Finesse.
 27372 | Spider:2 | 27372 ||| INVOKING Heroism.
 27424 | Spider:2 | Received a gift from Okawaru
 27586 | Spider:2 | 27586 ||| INVOKING Heroism.
 27799 | Spider:2 | 27799 ||| DRINKING potion of cancellation.
 28103 | Spider:3 | 28103 ||| INVOKING Heroism.
 28104 | Spider:3 | 28104 ||| STAIRDANCE
 28110 | Spider:2 | Received a gift from Okawaru
 28381 | Spider:3 | 28381 ||| STAIRDANCE
 28383 | Spider:2 | 28383 ||| INVOKING Heroism.
 28422 | Spider:3 | 28422 ||| STAIRDANCE
 28475 | Spider:3 | 28475 ||| INVOKING Finesse.
 28477 | Spider:3 | 28477 ||| INVOKING Heroism.
 28501 | Spider:3 | 28501 ||| READING 6 scrolls of teleportation.
 28527 | Spider:3 | 28527 ||| Stepping ~*~*~tactically~*~*~ (stealth).
 28548 | Spider:3 | Reached skill level 15 in Shields
 28573 | Spider:3 | 28573 ||| INVOKING Heroism.
 28682 | Spider:3 | Identified the +10 long sword "Bevawelai" {freeze, rN+}
 28754 | Spider:3 | Found a frozen archway.
 28755 | Spider:3 | 28755 ||| INVOKING Heroism.
 28756 | Spider:3 | 28756 ||| INVOKING Finesse.
 28760 | Spider:3 | 28760 ||| Stepping randomly (cloudy).
 28761 | Spider:3 | 28761 ||| Stepping ~*~*~tactically~*~*~ (cloud).
 28770 | Spider:3 | 28770 ||| Stepping ~*~*~tactically~*~*~ (cloud).
 29055 | Spider:3 | 29055 ||| Stepping ~*~*~tactically~*~*~ (hiding).
 29058 | Spider:3 | 29058 ||| INVOKING Finesse.
 29059 | Spider:3 | 29059 ||| READING 5 scrolls of teleportation.
 29060 | Spider:3 | 29060 ||| Stepping randomly (stuck).
 29123 | Spider:3 | 29123 ||| Stepping ~*~*~tactically~*~*~ (stealth).
 29124 | Spider:3 | 29124 ||| INVOKING Finesse.
 29127 | Spider:3 | 29127 ||| READING 4 scrolls of teleportation.
 29203 | Spider:3 | Received a gift from Okawaru
 29536 | Spider:3 | 29536 ||| Stepping ~*~*~tactically~*~*~ (stealth).
 29538 | Spider:3 | 29538 ||| INVOKING Heroism.
 29542 | Spider:3 | 29542 ||| Stepping ~*~*~tactically~*~*~ (stealth).
 29600 | Spider:3 | 29600 ||| Stepping ~*~*~tactically~*~*~ (stealth).
 29610 | Spider:3 | Reached XP level 17. HP: 108/108 MP: 24/24
 29638 | Spider:3 | 29638 ||| READING scroll of enchant weapon.
 29638 | Spider:3 | 29638 ||| ENCHANTING +4 vampiric broad axe.
 29661 | Spider:3 | Identified the +2 long sword "Fyomu" {drain, SInv Stlth+}
 29668 | Spider:3 | 29668 ||| Stepping ~*~*~tactically~*~*~ (stealth).
 29669 | Spider:3 | 29669 ||| Stepping ~*~*~tactically~*~*~ (stealth).
 30066 | Spider:3 | 30066 ||| PLANNING SWAMP:1-3
 30228 | Swamp:1  | Entered Level 1 of the Swamp
 30244 | Swamp:1  | 30244 ||| INVOKING Heroism.
 30248 | Swamp:1  | 30248 ||| SWAPPING to +2 morningstar of protection.
 30250 | Swamp:1  | 30250 ||| Stepping ~*~*~tactically~*~*~ (outnumbered).
 30251 | Swamp:1  | 30251 ||| Stepping ~*~*~tactically~*~*~ (outnumbered).
 30253 | Swamp:1  | 30253 ||| Stepping ~*~*~tactically~*~*~ (outnumbered).
 30254 | Swamp:1  | 30254 ||| Stepping ~*~*~tactically~*~*~ (outnumbered).
 30255 | Swamp:1  | 30255 ||| Stepping ~*~*~tactically~*~*~ (outnumbered).
 30257 | Swamp:1  | 30257 ||| Stepping ~*~*~tactically~*~*~ (outnumbered).
 30258 | Swamp:1  | 30258 ||| Stepping ~*~*~tactically~*~*~ (outnumbered).
 30259 | Swamp:1  | 30259 ||| Stepping ~*~*~tactically~*~*~ (outnumbered).
 30261 | Swamp:1  | 30261 ||| Stepping ~*~*~tactically~*~*~ (outnumbered).
 30262 | Swamp:1  | 30262 ||| Stepping ~*~*~tactically~*~*~ (outnumbered).
 30265 | Swamp:1  | HP: 24/108 [spriggan rider/+0 spear (6)]
 30266 | Swamp:1  | 30266 ||| READING 3 scrolls of teleportation.
 30267 | Swamp:1  | 30267 ||| DRINKING 2 potions of heal wounds.
 30271 | Swamp:1  | 30271 ||| SWAPPING to +5 vampiric broad axe.
 30288 | Swamp:1  | 30288 ||| SWAPPING to +2 morningstar of protection.
 30289 | Swamp:1  | 30289 ||| Stepping ~*~*~tactically~*~*~ (outnumbered).
 30290 | Swamp:1  | 30290 ||| Stepping ~*~*~tactically~*~*~ (outnumbered).
 30291 | Swamp:1  | 30291 ||| SWAPPING to +5 vampiric broad axe.
 30293 | Swamp:1  | 30293 ||| SWAPPING to +2 morningstar of protection.
 30294 | Swamp:1  | 30294 ||| Stepping ~*~*~tactically~*~*~ (outnumbered).
 30295 | Swamp:1  | 30295 ||| Stepping ~*~*~tactically~*~*~ (outnumbered).
 30296 | Swamp:1  | 30296 ||| Stepping ~*~*~tactically~*~*~ (outnumbered).
 30297 | Swamp:1  | 30297 ||| Stepping ~*~*~tactically~*~*~ (outnumbered).
 30298 | Swamp:1  | 30298 ||| Stepping ~*~*~tactically~*~*~ (outnumbered).
 30299 | Swamp:1  | 30299 ||| Stepping ~*~*~tactically~*~*~ (outnumbered).
 30301 | Swamp:1  | 30301 ||| Stepping ~*~*~tactically~*~*~ (outnumbered).
 30302 | Swamp:1  | 30302 ||| Stepping ~*~*~tactically~*~*~ (outnumbered).
 30303 | Swamp:1  | 30303 ||| Stepping ~*~*~tactically~*~*~ (outnumbered).
 30304 | Swamp:1  | 30304 ||| SWAPPING to +5 vampiric broad axe.
 30305 | Swamp:1  | 30305 ||| SWAPPING to +2 morningstar of protection.
 30306 | Swamp:1  | 30306 ||| Stepping ~*~*~tactically~*~*~ (outnumbered).
 30307 | Swamp:1  | 30307 ||| INVOKING Heroism.
 30308 | Swamp:1  | 30308 ||| Stepping ~*~*~tactically~*~*~ (outnumbered).
 30308 | Swamp:1  | HP: 16/108 [bog body/bolt of cold (16)]
 30309 | Swamp:1  | 30309 ||| READING 2 scrolls of teleportation.
 30310 | Swamp:1  | 30310 ||| DRINKING potion of heal wounds.
 30311 | Swamp:1  | 30311 ||| SWAPPING to +5 vampiric broad axe.
 30313 | Swamp:1  | 30313 ||| SWAPPING to +2 morningstar of protection.
 30316 | Swamp:1  | 30316 ||| SWAPPING to +5 vampiric broad axe.
 30370 | Swamp:1  | 30370 ||| Stepping ~*~*~tactically~*~*~ (stealth).
 30379 | Swamp:1  | 30379 ||| INVOKING Heroism.
 30388 | Swamp:1  | 30388 ||| SWAPPING to +2 morningstar of protection.
 30393 | Swamp:1  | 30393 ||| SWAPPING to +5 vampiric broad axe.
 30402 | Swamp:1  | 30402 ||| Stepping ~*~*~tactically~*~*~ (cloud).
 30458 | Swamp:1  | 30458 ||| INVOKING Heroism.
 30532 | Swamp:1  | 30532 ||| Stepping ~*~*~tactically~*~*~ (stealth).
 30536 | Swamp:1  | 30536 ||| INVOKING Heroism.
 30538 | Swamp:1  | 30538 ||| Stepping ~*~*~tactically~*~*~ (cloud).
 30735 | Swamp:1  | 30735 ||| Stepping ~*~*~tactically~*~*~ (stealth).
 30920 | Swamp:1  | 30920 ||| READING scroll of enchant weapon.
 30920 | Swamp:1  | 30920 ||| ENCHANTING +5 vampiric broad axe.
 30931 | Swamp:1  | 30931 ||| READING scroll of acquirement.
 30931 | Swamp:1  | 30931 ||| ACQUIRING +7 war axe "Togis" {flame, Contam
                  | Int+4}
 30931 | Swamp:1  | Acquired the +7 war axe "Togis" {flame, Contam Int+4}
 30933 | Swamp:1  | 30933 ||| DROPPING +2 morningstar of protection.
 31082 | Swamp:1  | Found a runed translucent gate.
 31083 | Swamp:1  | Found a runed translucent gate.
 31083 | Swamp:1  | Noticed Silenth's ghost (adept KoHu)
 31083 | Swamp:1  | Noticed Buem's ghost (adept OgHs)
 31084 | Swamp:1  | Noticed Foxy's ghost (adept GrFi)
 31085 | Swamp:1  | Found a runed translucent gate.
 31085 | Swamp:1  | Noticed Amet's ghost (journeyman MiBe)
 31177 | Swamp:1  | 31177 ||| READING 3 scrolls labelled NES MAKHOA.
 31178 | Swamp:1  | 31178 ||| DROPPING 2 scrolls of magic mapping.
 31248 | Swamp:2  | 31248 ||| INVOKING Heroism.
 31279 | Swamp:2  | 31279 ||| Stepping ~*~*~tactically~*~*~ (hiding).
 31280 | Swamp:2  | 31280 ||| Stepping ~*~*~tactically~*~*~ (hiding).
 31296 | Swamp:2  | 31296 ||| FLEEEEING.
 31329 | Swamp:2  | 31329 ||| INVOKING Heroism.
 31347 | Swamp:2  | Received a gift from Okawaru
 31348 | Swamp:2  | 31348 ||| INVOKING Heroism.
 31492 | Swamp:2  | 31492 ||| READING 2 scrolls of enchant armour.
 31492 | Swamp:2  | 31492 ||| ENCHANTING +0 pair of boots.
 31493 | Swamp:2  | 31493 ||| READING scroll of enchant armour.
 31493 | Swamp:2  | 31493 ||| ENCHANTING +1 pair of boots.
 31559 | Swamp:2  | Found a runed translucent gate.
 31561 | Swamp:2  | Found a runed translucent gate.
 31566 | Swamp:2  | Found a runed translucent gate.
 31566 | Swamp:2  | Noticed Piask's ghost (adept FoAK)
 31566 | Swamp:2  | Noticed Vudadgh's ghost (adept HuWr)
 31567 | Swamp:2  | Noticed popps's ghost (adept MiBe)
 31665 | Swamp:2  | You are sucked into a shaft and drop 1 floor!
 31666 | Swamp:3  | Found a transporter.
 31765 | Swamp:3  | Found a transporter.
 31881 | Swamp:3  | 31881 ||| DROPPING ring of wizardry.
 31984 | Swamp:2  | Received a gift from Okawaru
 31993 | Swamp:2  | 31993 ||| Stepping ~*~*~tactically~*~*~ (stealth).
 31996 | Swamp:2  | 31996 ||| INVOKING Heroism.
 32117 | Swamp:2  | 32117 ||| DROPPING +1 pair of boots of stealth.
 32165 | Swamp:3  | 32165 ||| Stepping ~*~*~tactically~*~*~ (hiding).
 32166 | Swamp:3  | 32166 ||| Stepping ~*~*~tactically~*~*~ (hiding).
 32183 | Swamp:3  | 32183 ||| INVOKING Heroism.
 32303 | Swamp:3  | Reached skill level 18 in Axes
 32357 | Swamp:3  | 32357 ||| Stepping ~*~*~tactically~*~*~ (hiding).
 32470 | Swamp:3  | 32470 ||| INVOKING Heroism.
 32471 | Swamp:3  | 32471 ||| SWAPPING to +7 war axe "Togis" {flame, Contam
                  | Int+4}.
 32476 | Swamp:3  | 32476 ||| SWAPPING to +6 vampiric broad axe.
 32492 | Swamp:3  | Gained mutation: You have hidden genetic defects.
                  | [mutagenic glow]
 32745 | Swamp:3  | 32745 ||| PLANNING SPIDER:4
 32898 | Spider:4 | Entered Level 4 of the Spider Nest
 32929 | Spider:4 | 32929 ||| Stepping ~*~*~tactically~*~*~ (stealth).
 32979 | Spider:4 | Noticed Donald
 32980 | Spider:4 | 32980 ||| INVOKING Heroism.
 32982 | Spider:4 | 32982 ||| INVOKING Finesse.
 32989 | Spider:4 | Killed Donald
 33033 | Spider:4 | 33033 ||| INVOKING Heroism.
 33138 | Spider:4 | 33138 ||| INVOKING Heroism.
 33244 | Spider:4 | 33244 ||| Stepping ~*~*~tactically~*~*~ (stealth).
 33246 | Spider:4 | 33246 ||| INVOKING Heroism.
 33260 | Spider:4 | 33260 ||| INVOKING Heroism.
 33260 | Spider:4 | HP: 9/108 [radroach (28)]
 33261 | Spider:4 | 33261 ||| READING scroll of teleportation.
 33261 | Spider:4 | Annihilated by a radroach

Levels and vault maps discovered:
D:1:      arrival_zaba_pyramid, layout_basic
D:2:      layout_basic, hellmonk_ecumenical_altar_zigzags,
          kennysheep_cross_bottleneck, minmay_misc_feat_rows, uniq_jessica
D:3:      layout_basic, uniq_crazy_yiuf_cottage, uniq_sigmund
D:4:      layout_cave_pools, ashenzari_conservatory_becter,
          nicolae_overflow_hidden_temple, minmay_temple_entry_antechambers
D:5:      dreamdust_elfheim, layout_basic, uniq_duvessa
D:6:      layout_gridville, portal_sewer_entry_a, uniq_grinder
D:7:      minmay_octagon_keep, layout_basic,
          nicolae_overflow_hallway_of_the_gods
D:8:      layout_gridville, cheibriados_altar_1
D:9:      kennysheep_seaside_town, layout_irregular_city, lair_entry_dummy
D:10:     layout_roguey, enter_trove_3
D:11:     layout_irregular_city, orc_david_3
D:12:     minmay_chambers_of_sixes, layout_cave_pools,
          minmay_guarded_unrand_prune
D:13:     layout_basic
D:14:     minmay_gate_of_8, layout_rooms, erik_vaults_1,
          kennysheep_another_room, uniq_nessos
D:15:     grunt_enter_depths_snipers, layout_irregular_city,
          hangedman_decor_opposing, nicolae_elyvilon_temple_path
Temple:   hc_temple_tempest_star
Lair:1:   layout_regular_city, beast_lair_carwin_5, grunt_megastairs_2,
          lemuel_fruit_fields, serial_bayou_shore_b
Lair:2:   layout_cave_pods, hellmonk_spider_entry_not_the_bees,
          nzn_ghost_randoct, gauntlet_entry_generic, infiniplex_staircase_pool
Lair:3:   layout_cave_pods, swamp_mist_pool, mumra_transporter_accident
Lair:4:   layout_loops_ring, slime_entry_1, gammafunk_ghost_grave,
          beast_lair_carwin_6, uniq_kirke, uniq_rupert, uniq_sonja
Lair:5:   hangedman_lair_in_review, layout_cave_pods, fungi_pond_lemuel,
          serial_bayou_shore_b
Swamp:1:  layout_basic_swamp, gammafunk_ghost_cemetery,
          evilmike_swamp_ruin_house_2
Swamp:2:  layout_basic_swamp, gammafunk_ghost_cemetery, hangedman_swamp_cone
Swamp:3:  gammafunk_sealed_arena, layout_basic_swamp, hangedman_swamp_ruin_hall,
          swamp_pool1
Spider:1: layout_spider_delve, hangedman_spider_tarantella_strand, uniq_aizul,
          uniq_louise
Spider:2: layout_chambers
Spider:3: layout_chambers, portal_ice_cave_entry_ice_statue_one
Spider:4: hellmonk_spider_rune_endless_swarm, uniq_donald
Orc:1:    layout_caves, nicolae_volcano_entry_hallway, basic_altar,
          nicolae_orc_lava_tube, mines1_david
Orc:2:    st_orc_elflike, layout_caves, mines1_david, uniq_erolcha,
          uniq_maurice, uniq_urug

Skill      XL: |  1  2  3  4  5  6  7  8  9 10 11 12 13 14 15 16 17 |
---------------+----------------------------------------------------+-----
Axes           | 2 3 4 6 7 8 10 11 12 14 15 17 18 | 18.0
Shields        | 5 6 7 8 9 10 11 12 13 15 17 | 17.7
Fighting       | 4 5 6 7 8 9 10 12 13 | 13.0
Dodging        | 1 2 3 5 |  5.0
Invocations    | 4 5 9 10 | 10.0
Throwing       | 1 2 3 4 5 6 7 |  7.0
Armour         | 4 5 7 8 9 10 | 10.0

Action                   |  1- 3 |  4- 6 |  7- 9 | 10-12 | 13-15 | 16-18 || total
-------------------------+-------+-------+-------+-------+-------+-------++-------
Melee: War axe           |    49 |   107 |   323 |   102 |       |     3 ||   584
       Broad axe         |       |       |       |   489 |  1042 |   970 ||  2501
       Unarmed           |       |       |       |     8 |       |       ||     8
       Morningstar       |       |       |       |     7 |    49 |    17 ||    73
Throw: Boomerang         |       |       |    40 |    64 |    59 |    31 ||   194
       Javelin           |       |       |       |    36 |    72 |   107 ||   215
Invok: Heroism           |       |       |    11 |    33 |    47 |    31 ||   122
       Finesse           |       |       |       |     4 |    12 |    11 ||    27
  Use: Scroll            |     5 |     3 |     6 |     7 |    11 |    12 ||    44
       Potion            |     1 |     2 |     6 |     1 |     6 |     3 ||    19
Armor: Scale mail        |    20 |    66 |       |    35 |   359 |   371 ||   851
       Chain mail        |       |    15 |   160 |    48 |       |       ||   223
       Plate armour      |       |       |       |   104 |       |       ||   104
Dodge: Dodged            |    17 |    47 |    65 |   145 |   377 |   332 ||   983
Block: Buckler           |     7 |    22 |       |       |       |       ||    29
       Kite shield       |       |     3 |   180 |   416 |   824 |   129 ||  1552
       Reflection        |       |       |     2 |    10 |    28 |     3 ||    43
       Tower shield      |       |       |       |       |       |   850 ||   850

Table legend:
 A = Non-vault XP
 B = Vault XP
 C = Vault XP percentage of total XP
 D = Non-vault monster count
 E = Vault monster count
 F = Vault count percentage of total count
                 A         B        C        D         E       F
            +---------+---------+-------+---------+---------+-------
      Total |  176545 |   49302 |  21.8 |     736 |     146 |  16.6
            +---------+---------+-------+---------+---------+-------
        D:1 |      31 |       0 |   0.0 |      14 |       0 |   0.0
        D:2 |      47 |      37 |  44.0 |      21 |       1 |   4.5
        D:3 |      78 |     243 |  75.7 |      13 |       1 |   7.1
        D:4 |     405 |       0 |   0.0 |      21 |       0 |   0.0
        D:5 |     628 |     208 |  24.9 |      12 |       2 |  14.3
        D:6 |     694 |     286 |  29.2 |      16 |       1 |   5.9
        D:7 |    1007 |     947 |  48.5 |      20 |      13 |  39.4
        D:8 |    2379 |       0 |   0.0 |      32 |       0 |   0.0
        D:9 |    2452 |    1509 |  38.1 |      26 |      23 |  46.9
       D:10 |    2138 |       0 |   0.0 |      24 |       0 |   0.0
       D:11 |    4162 |     148 |   3.4 |      22 |       6 |  21.4
       D:12 |    1510 |    6415 |  80.9 |       7 |      14 |  66.7
       D:13 |    7817 |       0 |   0.0 |      14 |       0 |   0.0
       D:14 |   14439 |    2561 |  15.1 |      32 |       3 |   8.6
       D:15 |   10122 |    2909 |  22.3 |      29 |       3 |   9.4
     Lair:1 |    1941 |    1476 |  43.2 |       7 |       8 |  53.3
     Lair:2 |    5182 |     485 |   8.6 |      21 |       4 |  16.0
     Lair:3 |    3680 |    1469 |  28.5 |      20 |       6 |  23.1
     Lair:4 |    5356 |    4780 |  47.2 |      22 |       7 |  24.1
     Lair:5 |   12231 |   10822 |  46.9 |      49 |      21 |  30.0
    Swamp:1 |    7847 |       0 |   0.0 |      24 |       0 |   0.0
    Swamp:2 |   16226 |       0 |   0.0 |      28 |       0 |   0.0
    Swamp:3 |    9951 |       0 |   0.0 |      20 |       0 |   0.0
   Spider:1 |   17535 |    2717 |  13.4 |      53 |       3 |   5.4
   Spider:2 |   18173 |       0 |   0.0 |      48 |       0 |   0.0
   Spider:3 |   14773 |     451 |   3.0 |      39 |       1 |   2.5
   Spider:4 |    7508 |    1430 |  16.0 |      22 |       1 |   4.3
      Orc:1 |    3237 |       0 |   0.0 |      32 |       0 |   0.0
      Orc:2 |    4996 |   10409 |  67.6 |      48 |      28 |  36.8
            +---------+---------+-------+---------+---------+-------
